 Dungeon Crawl Stone Soup version 0.16.0-17-g811c1d7 (webtiles) character file.

32 serseaman the Skirmisher (level 3, 0/29 HPs)
             Began as a Demonspawn Abyssal Knight on Mar 20, 2015.
             Was a Believer of Lugonu.
             Slain by a gnoll
             ... wielding a cursed +0 spear
              (3 damage)
             ... on level 2 of the Dungeon.
             The game lasted 00:07:53 (1014 turns).

serseaman the Skirmisher (DsAK)                     Turns: 1014, Time: 00:07:55

Health: 0/29       AC: 10    Str: 16    XL:     3   Next: 8%
Magic:  4/4        EV:  9    Int: 13    God:    Lugonu [**....]
Gold:   43         SH:  0    Dex: 11    Spells: 0 memorised, 2 levels left

rFire  . . .     SeeInvis .     a - +1 mace
rCold  . . .     Clarity  .     d - +0 scale mail
rNeg   . . .     SustAb   .     (no shield)
rPois  .         Gourm    .     (no helmet)
rElec  .         Spirit   .     (no cloak)
rCorr  .         Warding  .     (no gloves)
rMut   .         Stasis   .     (no boots)
MR     .....                    (no amulet)
Stlth  ..........               (no ring)
                                l - +3 ring of strength

@: not resistant to hostile enchantments, extremely unstealthy
A: rough black scales 1, spiny 1
a: Depart the Abyss, Bend Space, Renounce Religion


You were on level 2 of the Dungeon.
You worshipped Lugonu.
Lugonu was pleased with you.
You were not hungry.

You visited 1 branch of the dungeon, and saw 2 of its levels.
You visited the Abyss 1 time.

You collected 43 gold pieces.

Inventory:

Hand weapons
 a - a +1 mace (weapon)
Armour
 b - a +0 leather armour
 d - a +0 scale mail (worn)
Jewellery
 l - a +3 ring of strength (left hand)
 m - a cursed ring of loudness {unknown}
Scrolls
 h - a scroll of remove curse {unknown}
 j - a scroll of blinking {unknown}
Potions
 e - a potion of cure mutation {unknown}
 f - 2 potions of flight {unknown}
 g - a potion of mutation {unknown}
 i - a potion of curing {unknown}
Comestibles
 c - 3 bread rations
 k - 3 meat rations
 n - a beef jerky


   Skills:
 + Level 3.6 Fighting
 + Level 2.1 Maces & Flails
 + Level 2.0 Armour
 + Level 1.5 Dodging
 + Level 2.4 Invocations


You had 2 spell levels left.
You didn't know any spells.

Dungeon Overview and Level Annotations

Branches:
Dungeon (2/15)

Altars:


Innate Abilities, Weirdness & Mutations

You are partially covered in rough black scales (AC +4, Dex -1).
You are partially covered in sharp spines.


Message History

The gnoll hits you from afar with a spear.
The gnoll barely misses you.
You slip out of the net!
The gnoll hits you but does no damage. The gnoll hits you but does no damage.
You hit the gnoll but do no damage. The gnoll barely misses you.
The gnoll hits you but does no damage. The gnoll closely misses you.
The gnoll closely misses you.
You hit the gnoll but do no damage.
The gnoll is severely wounded.
The gnoll hits you from afar with a spear.
The gnoll hits you with a flail.
* * * LOW HITPOINT WARNING * * *
The gnoll hits you but does no damage.
You hit the gnoll.
The gnoll is almost dead.
The gnoll hits you from afar with a spear.
* * * LOW HITPOINT WARNING * * *
The gnoll hits you but does no damage. The gnoll closely misses you.
The gnoll hits you from afar with a spear.
You die...

.. #.#
#.#...########
#.. #.#
#.#.#....><...
###.. #.#
#.#...########
.....##.###.#####
........<##.#
#......#....#
#...####
...#####g##
......gg@#
##########


You could see 3 gnolls.

Vanquished Creatures
  A giant gecko (D:1)
  2 bats
  A giant cockroach (D:1)
  2 goblins (D:1)
  5 hobgoblins
  8 jackals (D:1)
  4 kobolds (D:1)
  3 rats (D:1)
26 creatures vanquished.

Notes
Turn   | Place    | Note
--------------------------------------------------------------
     0 | Abyss:1  | serseaman, the Demonspawn Abyssal Knight, began the quest for the Orb.
     0 | Abyss:1  | Reached XP level 1. HP: 18/18 MP: 1/1
    11 | D:1      | Escaped the Abyss
    22 | D:1      | Reached skill level 1 in Dodging
    88 | D:1      | Gained mutation: You are partially covered in sharp spines. [demonic ancestry]
    88 | D:1      | Reached XP level 2. HP: 14/24 MP: 2/2
   656 | D:1      | Acquired Lugonu's second power
   765 | D:1      | Gained mutation: You are partially covered in rough black scales (AC +4, Dex -1). [demonic ancestry]
   765 | D:1      | Reached XP level 3. HP: 29/29 MP: 4/4
  1014 | D:2      | Slain by a gnoll

Action                   || total
-------------------------++-------
Melee: Mace              ||    72
  Use: Scroll            ||     1
